 Dungeon Crawl Stone Soup version 0.19.0-24-gb05acd6 (webtiles) character file.

120 Monsterracer the Caller (level 5, -8/28 HPs)
             Began as a Tengu Summoner on Nov 22, 2016.
             Killed from afar by Cokeysmoke's ghost (10 damage)
             ... with a puff of flame
             ... on level 3 of the Dungeon.
             The game lasted 00:15:00 (4935 turns).

Monsterracer the Caller (Tengu Summoner)            Turns: 4935, Time: 00:15:00

Health: -8/28      AC:  1    Str: 13    XL:     5   Next: 4%
Magic:  2/9        EV: 12    Int: 17    God:
Gold:   143        SH:  0    Dex: 14    Spells: 3 memorised, 1 level left

rFire  . . .     SeeInvis .     j - +0 spear
rCold  + . .     Gourm    .     a - +0 robe
rNeg   . . .     Faith    .     (no shield)
rPois  .         Spirit   .     (helmet restricted)
rElec  .         Reflect  .     (no cloak)
rCorr  .         Harm     .     (no gloves)
MR     +....                    (boots unavailable)
Stlth  ++........               (no amulet)
                                m - ring of protection from cold
                                h - +3 ring of strength

@: lethally poisoned (-8 -> -10)
A: beak, talons 3, deformed body, magic resistance 1, strong 1, able to fly 1
a: Fly


You were on level 3 of the Dungeon.
You were hungry.

You visited 1 branch of the dungeon, and saw 3 of its levels.

You collected 143 gold pieces.

Inventory:

Hand Weapons
 j - a +0 spear (weapon)
Armour
 a - a +0 robe (worn)
Jewellery
 h - a +3 ring of strength (left hand)
 m - a ring of protection from cold (right hand)
Scrolls
 d - a scroll of recharging {unknown}
 e - 2 scrolls of remove curse {unknown}
 f - a scroll of fear {unknown}
 i - a scroll of enchant armour {unknown}
 k - a scroll of identify {unknown}
 l - a scroll of noise {unknown}
Books
 b - a book of Callings

   Spells                             Type                      Level
   a - Summon Small Mammal            Summoning                    1
   b - Call Imp                       Summoning                    2
   c - Call Canine Familiar           Summoning                    3
   d - Summon Guardian Golem          Hexes/Summoning              3
   e - Summon Lightning Spire         Summoning/Air                4
   f - Summon Ice Beast               Ice/Summoning                4
Comestibles
 c - 4 bread rations
 g - 2 slices of pizza


   Skills:
 * Level 1.9 Polearms
 - Level 2.1 Dodging
 - Level 2.0 Stealth
 - Level 2.0 Spellcasting
 + Level 7.0 Summonings


You had one spell level left.
You knew the following spells:

 Your Spells              Type           Power        Failure   Level  Hunger
a - Summon Small Mammal   Summ           ####         1%          1    #......
b - Call Imp              Summ           ####....     1%          2    ###....
c - Summon Ice Beast      Ice/Summ       ##......     45%         4    #####..


Dungeon Overview and Level Annotations

Branches:
Dungeon (3/15)

Altars:
Qazlal
Ru
Uskayaw
Xom
The Shining One

Annotations:
D:3 Cokeysmoke's ghost, amateur DEFE


Innate Abilities, Weirdness & Mutations

You have a beak for a mouth.
You have claws for feet.
You can fly.
Armour fits poorly on your strangely shaped body.
You are resistant to hostile enchantments. (MR+)
Your muscles are strong. (Str +2)


Message History

Your bat hits Cokeysmoke's ghost.
Your crimson imp closely misses Cokeysmoke's ghost.
Attack whom?
Press: ? - help, Dir - move target cursor, f/p - Cokeysmoke's ghost
Aim: Cokeysmoke's ghost (moderately damaged)
You could not reach far enough!
You feel sick.
Your bat hits Cokeysmoke's ghost but does no damage.
Your crimson imp blinks!
Cokeysmoke's ghost points at you and mumbles some strange words.
The flame tongue hits you!
* * * LOW HITPOINT WARNING * * *
Your crimson imp hits Cokeysmoke's ghost but does no damage.
You are too injured to fight recklessly!
You aren't carrying any potions.
Your bat hits Cokeysmoke's ghost but does no damage.
Your crimson imp barely misses Cokeysmoke's ghost.
Your bat closely misses Cokeysmoke's ghost.
Cokeysmoke's ghost gestures at you while chanting.
The puff of flame hits you!
You die...

##........#.# #..#######..†
....#.......###.##...#..<..
...#............##.........
...5.................###...
......§.§5...........# #...
........bW.(###......# ####
.......†((.## ###....# #
.......)..(## ##...######
..........@(## #...†...##
..........#..#####..>..#...
...#......##.........#.....
.# ######.$.##....##.......
###.......####.....
.........# ..... #####....#
..... #....# ##### #....#


You could see Cokeysmoke's ghost, 2 friendly crimson imps and a friendly bat.

Vanquished Creatures
  A giant cockroach (D:1)
  A goblin (D:2)
  4 jackals
  A quokka (D:2)
  3 bats
  6 kobolds
  3 rats (D:1)
19 creatures vanquished.

Vanquished Creatures (collateral kills)
  3 gnolls (D:2)
  7 adders
  An ooze (D:2)
  4 worms
  A leopard gecko (D:2)
  8 giant cockroaches
  5 goblins
  13 hobgoblins
  7 jackals
  A kobold (D:1)
  A quokka (D:3)
  2 ball pythons
  5 bats
  5 frilled lizards
  7 rats
70 creatures vanquished.

Grand Total: 89 creatures vanquished

Notes
Turn   | Place    | Note
-------+----------+-------------------------------------------
     0 | D:1      | Monsterracer the Tengu Summoner began the quest for the Orb.
     0 | D:1      | Reached XP level 1. HP: 10/10 MP: 4/4
   295 | D:1      | Reached skill level 5 in Summonings
   788 | D:1      | Reached XP level 2. HP: 15/15 MP: 1/6
   800 | D:1      | Learned a level 2 spell: Call Imp
  1580 | D:1      | Found a shimmering altar of Xom.
  1582 | D:1      | Found a hazy altar of Hepliaklqana.
  1582 | D:1      | Found a stormy altar of Qazlal.
  1584 | D:1      | Found a hide-covered altar of Uskayaw.
  1584 | D:1      | Found a sacrificial altar of Ru.
  1584 | D:1      | Found a glowing golden altar of the Shining One.
  1933 | D:1      | Reached XP level 3. HP: 17/19 MP: 7/7
  1986 | D:2      | Reached skill level 6 in Summonings
  3042 | D:2      | Reached XP level 4. HP: 24/24 MP: 0/8
  3251 | D:2      | HP: 1/24 [gnoll (8)]
  3852 | D:2      | Reached skill level 1 in Polearms
  4060 | D:2      | Learned a level 4 spell: Summon Ice Beast
  4176 | D:2      | Gained mutation: You are resistant to hostile enchantments. (MR+) [potion of mutation]
  4176 | D:2      | Gained mutation: Your muscles are strong. (Str +2) [potion of mutation]
  4176 | D:2      | Gained mutation: Armour fits poorly on your strangely shaped body. [potion of mutation]
  4799 | D:3      | Gained mutation: You can fly. [Tengu growth]
  4799 | D:3      | Reached XP level 5. HP: 25/28 MP: 5/9
  4909 | D:3      | Reached skill level 7 in Summonings
  4922 | D:3      | Noticed Cokeysmoke's ghost (amateur DEFE)
  4935 | D:3      | Killed from afar by Cokeysmoke's ghost

Skill      XL: |  1  2  3  4  5 |
---------------+----------------+-----
Summonings     | 5 6 7 |  7.0
Polearms       | 1 |  1.9
Dodging        | |  2.1
Stealth        | |  2.0
Spellcasting   | |  2.0

Action                   |  1- 3 |  4- 6 || total
-------------------------+-------+-------++-------
Melee: Unarmed           |    53 |     4 ||    57
       Peck              |     6 |     6 ||    12
       Kick              |     3 |     7 ||    10
       Spear             |       |    42 ||    42
 Cast: Summon Small Mamm |    49 |    14 ||    63
       Call Imp          |    30 |    33 ||    63
  Use: Potion            |     2 |     1 ||     3
 Stab: Sleeping          |     2 |     1 ||     3
  Eat: Chunk             |     9 |     8 ||    17
Armor: Robe              |    20 |    16 ||    36
Dodge: Dodged            |    90 |    66 ||   156
